 Dungeon Crawl Stone Soup version 0.30-a0-782-ge64f9170bb (webtiles) character file.

Game seed: 3941541975004777682

851 senseless the Grave Robber (level 7, -1/51 HPs)
             Began as a Mummy Necromancer on Mar 3, 2023.
             Was a Believer of Okawaru.
             Slain by a wight
             ... wielding a +0 flail
              (2 damage)
             ... on level 6 of the Dungeon.
             The game lasted 00:19:18 (5710 turns).

senseless the Grave Robber (Mummy Necromancer)      Turns: 5710, Time: 00:19:19

Health: -1/51      AC:  4    Str: 20    XL:     7   Next: 69%
Magic:  24/24      EV: 12    Int: 14    God:    Okawaru [**....]
Gold:   234        SH:  0    Dex: 12    Spells: 8/17 levels left

rFire   x . .      SeeInvis .    a - +0 double sword (freeze)
rCold   + . .      Faith    +    (no shield)
rNeg    + + +      Spirit   .    f - +0 leather armour
rPois   ∞          Reflect  .    h - +0 helmet
rElec   .          Harm     .    (no cloak)
rCorr   .          Rampage  .    (no gloves)
Will    .....                    (no boots)
Stlth   ++                       (no amulet)
HPRegen 0.28/turn                e - ring of magical power
MPRegen 0.19/turn                j - +6 ring of strength

@: no status effects
A: cold resistance 1, negative energy resistance 3, torment resistance 2, heat
vulnerability 1, in touch with death 1, no potions, faith
a: Renounce Religion, Heroism


You were on level 6 of the Dungeon.
You worshipped Okawaru.
Okawaru was pleased with you.
You visited 2 branches of the dungeon, and saw 7 of its levels.
You also visited: Sewer.

You collected 234 gold pieces.

Inventory:

Hand Weapons
 a - a +0 double sword of freezing (weapon)
Missiles
 d - 3 datura-tipped darts
Armour
 f - a +0 leather armour (worn)
 h - a +0 helmet (worn)
Magical Staves
 b - a staff of death
Jewellery
 e - a ring of magical power (left hand)
 j - a +6 ring of strength (right hand)
 k - a ring of protection from cold
Wands
 n - a wand of quicksilver (3)
Scrolls
 c - a scroll of fear
 g - 2 scrolls of identify
 i - 2 scrolls of fog
 m - a scroll of torment


   Skills:
 + Level 2.3 Fighting
 + Level 2.1 Long Blades
 + Level 0.4 Staves
 + Level 2.2 Armour
 + Level 2.7 Dodging
 + Level 1.7 Stealth
 + Level 5.9 Spellcasting
 + Level 6.0 Necromancy
 + Level 0.6 Evocations


You had 8 spell levels left.
You knew the following spells:

 Your Spells              Type           Power      Damage    Failure   Level
a - Necrotise             Necr           100%       1d9       1%          1
b - Vampiric Draining     Necr           31%        2d8       4%          3
c - Agony                 Necr           31%        N/A       38%         5

Your spell library contained the following spells:

 Spells                   Type           Power      Damage    Failure   Level
 Kiss of Death            Conj/Necr      72%        2d10      5%          1
 Searing Ray              Conj           8%         2d4       28%         2
 Hailstorm                Conj/Ice       4%         3d4       50%         3
 Stone Arrow              Conj/Erth      8%         3d7       50%         3
 Iskenderun's Mystic Bla  Conj/Tloc      4%         2d3       88%         4
 Manifold Assault         Tloc           4%         N/A       88%         4
 Fireball                 Conj/Fire      2%         3d4       99%         5
 Freezing Cloud           Conj/Ice/Air   2%         6-21      99%         5
 Metabolic Englaciation   Hex/Ice        2%         N/A       99%         5
 Dispersal                Tloc           2%         N/A       100%        6
 Disjunction              Tloc           2%         N/A       100%        8
 Fire Storm               Conj/Fire      2%         8d1       100%        9
 Animate Dead             Necr           Unusable   N/A       N/A         4

Dungeon Overview and Level Annotations

Branches:
Dungeon (6/15)             Temple (1/1) D:4           Sewer (visited)

Altars:
Cheibriados
Dithmenos
Fedhas
Gozag
Kikubaaqudgha
Makhleb
Nemelex Xobeh
Okawaru
Qazlal
Ru
Sif Muna
Uskayaw
Vehumet
Wu Jian
Xom
Yredelemnul

Annotations:
D:6 Grinder


Innate Abilities, Weirdness & Mutations

You are immune to poison.
Your flesh is cold resistant. (rC+)
You are immune to negative energy. (rN+++)
You are immune to unholy pain and torment.
You are vulnerable to heat. (rF-)
You are in touch with the powers of death.
You do not drink.
You have a special connection with the divine. (Faith)


Message History

The kobold shouts! x2
Casting: Necrotise (safe; 1% risk of failure)
Confirm with . or Enter, or press ? or * to list all spells.
Aiming: Necrotise (safe; 1% risk of failure)
Press: ? - help, Shift-Dir - straight line, f/p - kobold brigand
Aim: a kobold brigand, wielding a +0 club and quivering poisoned darts (lightly wounded, chance to affect: 83%)
You feel a surge of power!
The kobold brigand writhes in agony.
The adder hisses angrily.
A wight comes into view. It is wielding a +0 battleaxe.
Casting: Necrotise (safe; 1% risk of failure)
Confirm with . or Enter, or press ? or * to list all spells.
Aiming: Necrotise (safe; 1% risk of failure)
Press: ? - help, Shift-Dir - straight line, f/p - kobold brigand
Aim: a kobold brigand, wielding a +0 club and quivering poisoned darts (moderately wounded, chance to affect: 83%)
You feel a surge of power!
The kobold brigand barely resists.
The kobold throws a stone.
The stone barely misses you. The kobold hits you with a +0 mace.
* * * LOW HITPOINT WARNING * * *
The kobold barely misses you.
An adder comes into view.
The kobold attacks as you move away! The kobold misses you.
The kobold hits you with a +0 mace.
* * * LOW HITPOINT WARNING * * *
The kobold brigand attacks as you move away!
The kobold brigand closely misses you. The kobold attacks as you move away!
The kobold hits you with a +0 mace.
* * * LOW HITPOINT WARNING * * *
A hound comes into view.
The kobold throws a stone.
The stone barely misses you.
A wight comes into view. It is wielding a +0 flail.
Found 9 gold pieces.
A wight comes into view. It is wielding a +0 scimitar.
A wight comes into view. It is wielding a +2 long sword.
The wight hits you with a +0 flail!
* * * LOW HITPOINT WARNING * * *
The kobold brigand throws a poisoned dart.
The poisoned dart hits you!
Unknown command.
The wight attacks as you move away! The wight hits you with a +0 flail.
You die...

...#. ##.......... #$..
#...........
.###..#######...........
......z..S .............
#.......K####5...).....#
#....z....KlKz.........
##...#.#####S.........#
##..#z# ###.........#
#..@####............
###...............#.
..####...|......# .###
#..........#
...#####..........# ..
## .# ............$...##
#..###..#
##..............~.
#..#..#
##..#~..#.......~♣P
#.#..#
#...~~~~~....##.♣~~


You could see 3 wights, an adder and a kobold.

Vanquished Creatures
  Eustachio (D:5)
  An ice beast (D:5)
  An orc warrior (D:6)
  2 phantoms
  A necrophage (D:4)
  A scorpion (D:5)
  An orc priest (D:5)
  An iguana (D:5)
  An orc wizard (D:3)
  7 adders
  2 river rats (Sewer)
  A white imp (D:5)
  A dart slug (D:4)
  A worm (D:5)
  14 orcs
  10 ball pythons
  3 endoplasms
  2 giant cockroaches (D:1)
  6 hobgoblins
  2 quokkas
  2 bats (D:1)
  9 frilled lizards
  4 goblins
  7 kobolds
  10 rats
91 creatures vanquished.

Vanquished Creatures (collateral kills)
  A bat (D:1)
  A rat (D:1)
2 creatures vanquished.

Vanquished Creatures (others)
  2 plants (D:6)
2 creatures vanquished.

Grand Total: 95 creatures vanquished

Notes
Turn   | Place    | Note
-------+----------+-------------------------------------------
     0 | D:1      | senseless the Mummy Necromancer began the quest for the
                  | Orb.
     0 | D:1      | Reached XP level 1. HP: 13/13 MP: 4/4
   290 | D:1      | Reached XP level 2. HP: 20/20 MP: 0/5
  1044 | D:1      | Reached skill level 1 in Fighting
  1317 | D:2      | Gained mutation: You are in touch with the powers of death.
                  | [Mummy growth]
  1317 | D:2      | Reached XP level 3. HP: 26/26 MP: 7/7
  1709 | D:2      | Found a radiant altar of Vehumet.
  2564 | D:3      | Reached XP level 4. HP: 11/32 MP: 9/9
  2915 | D:4      | Identified the +1 scale mail "Qaylonor" {Harm +Blink rPois
                  | Will-}
  2964 | D:4      | Noticed a necrophage
  2974 | D:4      | Killed a necrophage
  2975 | D:4      | Reached XP level 5. HP: 27/38 MP: 10/10
  3142 | D:4      | Found a staircase to the Ecumenical Temple.
  3163 | Temple   | Entered the Ecumenical Temple
  3313 | Temple   | Became a worshipper of Warmaster Okawaru
  3423 | D:4      | Learned a level 3 spell: Vampiric Draining
  3428 | D:4      | Got Exyecumi's Guidebook on Blazing Ice
  3435 | D:4      | Learned a level 5 spell: Agony
  3506 | D:4      | Noticed a phantom
  3526 | D:4      | Killed a phantom
  3527 | D:4      | Reached skill level 1 in Armour
  3664 | D:4      | Found a sacrificial altar of Ru.
  3985 | D:5      | Entered Level 5 of the Dungeon
  4067 | D:5      | Reached skill level 1 in Long Blades
  4067 | D:5      | Reached XP level 6. HP: 44/44 MP: 12/12
  4404 | D:5      | Noticed an ice beast
  4414 | D:5      | Killed an ice beast
  4414 | D:5      | Reached * piety under Okawaru
  4415 | D:5      | Reached skill level 5 in Necromancy
  4478 | D:5      | Reached skill level 5 in Spellcasting
  4564 | D:5      | Reached XP level 7. HP: 50/50 MP: 14/14
  4594 | D:5      | Noticed Eustachio
  4605 | D:5      | Killed Eustachio
  4941 | D:6      | Reached ** piety under Okawaru
  4998 | D:5      | HP: 2/51 [worm (6)]
  5209 | D:6      | Found a glowing drain.
  5215 | D:6      | Noticed Grinder
  5218 | Sewer    | Entered a sewer
  5318 | Sewer    | Reached skill level 6 in Necromancy
  5666 | Sewer    | Identified 2 scrolls of acquirement
  5666 | Sewer    | Acquired the Atlas of the Shot
  5668 | Sewer    | Acquired a +0 double sword of freezing
  5707 | D:6      | HP: 1/51 [wight/+0 flail (9)]
  5710 | D:6      | Slain by a wight

Illustrated notes

Levels and vault maps discovered:
D:1:      sevenhm_arrival_forest_fort_large_2, layout_loops_ring
D:2:      layout_basic, basic_altar, minmay_misc_feat_enclosed
D:3:      layout_loops_ring, nicolae_hexahallways
D:4:      layout_loops_ring, mainiacjoe_overflow_surrounded_room,
          minmay_temple_entry_drinking_statues, hangedman_decor_points,
          minivault_26
D:5:      layout_basic, sigmund_army, uniq_eustachio
D:6:      layout_rooms, tso_metal_star, cheibrodos_sewer_entry_drain,
          enter_ossuary_1, serial_bayou, serial_bayou_ford_a,
          serial_bayou_shore_a, serial_bayou_pond_e, serial_bayou_pond_e,
          serial_bayou_pond_b, minmay_ruined_shrine, uniq_grinder
Temple:   minmay_temple_bridge_d

Skill      XL: |  1  2  3  4  5  6  7 |
---------------+----------------------+-----
Spellcasting   | 3 4 5 |  5.9
Fighting       | 1 2 |  2.3
Dodging        | 2 |  2.7
Armour         | 1 2 |  2.2
Long Blades    | 1 2 |  2.1
Necromancy     | 5 6 |  6.0
Staves         | |  0.4
Stealth        | |  1.7
Evocations     | |  0.6

Action                     |  1- 3 |  4- 6 |  7- 9 || total
---------------------------+-------+-------+-------++-------
  Melee: Unarmed           |     1 |       |       ||     1
         Great sword       |       |    44 |     8 ||    52
         Double sword      |       |       |     6 ||     6
   Cast: Necrotise         |    68 |    51 |    60 ||   179
    Use: Scroll            |     4 |     5 |     4 ||    13
 Armour: Robe              |     4 |       |       ||     4
         Leather armour    |     1 |    18 |    20 ||    39
  Dodge: Dodged            |     4 |    36 |    56 ||    96

Table legend: (Time is in decaauts)
 A = Elapsed time spent in this place.
 B = Non-inter-level travel time spent in this place.
 C = Inter-level travel time spent in this place.
 D = Time resting spent in this place.
 E = Time spent auto-exploring this place.
 F = Levels seen in this place.
 G = Mean time per level.
                   A        B        C        D        E       F      G
               +--------+--------+--------+--------+--------+-----+--------+
         Total |   5787 |   5257 |    530 |    281 |   4221 |   8 |  723.4 |
       Dungeon |   5067 |   4639 |    428 |    243 |   3773 |   6 |  844.5 |
        Temple |    219 |    117 |    102 |     38 |     57 |   1 |  219.0 |
         Sewer |    500 |    500 |      0 |      0 |    391 |   1 |  500.0 |
               +--------+--------+--------+--------+--------+-----+--------+

Top non-repeatable levels by time:
     D:1: 1287 daAuts
     D:5: 1140 daAuts
     D:4: 1029 daAuts
     D:3: 866 daAuts
     D:2: 668 daAuts
   Sewer: 500 daAuts
  Temple: 219 daAuts
     D:6: 76 daAuts
